[Event "1st Festival Galdar 2024"]
[Site "Galdar"]
[Date "2024.09.03"]
[Round "3.1"]
[White "Del Rio De Angelis, Salvador G."]
[Black "Stefansson, Vignir Vatnar"]
[Result "1/2-1/2"]
[Annotator "TA"]
[ECO "D35"]
[WhiteElo "2376"]
[BlackElo "2531"]
[PlyCount "98"]
[EventDate "2024.09.02"]
[EventType "swiss"]
[EventCountry "ESP"]
[SourceTitle "playchess.com"]
[Source "ChessBase"]
[SourceQuality "1"]
[TimeControl "5400+30"]

1. d4 d5 2. c4 e6 3. Nc3 Nf6 4. cxd5 exd5 5. Bg5 Be6 6. e3 Nbd7 7. Bd3 c6 8. h3 {[%emt 0:02:48] White is slightly better.} Be7 9. Nge2 Nh5 10. Nf4 Nxf4 11. Bxf4 O-O 12. Qc2 h6 13. O-O Re8 14. Rad1 Rc8 15. Qd2 a6 16. Bb1 Nf6 17. Be5 Nd7 18. Bf4 Nf6 19. Be5 Ne4 20. Nxe4 (20. Bxe4 dxe4 21. Qe2 b5 $15) 20... dxe4 21. f3 exf3 22. Rxf3 {[%emt 0:00:09] [#] Strongly threatening Qc2.} Bd6 23. Qc2 f5 ({Don't blunder} 23... Bxe5 $2 24. dxe5 Qg5 25. Qh7+ Kf8 26. Bf5 $18) (23... g6 $11) 24. Bxd6 (24. g4 $16 Bxe5 25. dxe5) 24... Qxd6 $11 25. e4 c5 ({Wrong is} 25... fxe4 $2 26. Qxe4 $18) (25... Re7 $11 {keeps the balance.}) 26. dxc5 (26. d5 {is more complex.} Bf7 27. exf5 Kh7 28. f6+) 26... Qxc5+ 27. Qxc5 Rxc5 28. exf5 Bd5 29. Rf2 Bc6 30. a3 Rce5 31. Ba2+ Kf8 32. f6 {[%emt 0:04:10] [#] fxg7+ would now be deadly.} Re1+ $1 33. Rxe1 Rxe1+ $16 {[%emt 0:00:00][%mdl 4096] Endgame. KRB-KRB} 34. Kh2 gxf6 35. Rxf6+ Kg7 36. Rf2 a5 37. Kg3 Re3+ 38. Kf4 Re4+ 39. Kf5 $1 Re3 40. Bc4 Rg3 41. Bf1 h5 42. Rd2 Rg6 43. Ke5 a4 (43... Rg3 $1 $14) 44. Bd3 Rg3 45. Kf4 h4 46. Be4 Bxe4 47. Kxe4 Kf6 48. Kd5 Kg5 49. Ke4 (49. Kc5 $16) 49... Rb3 {[%emt 0:00:42] Weighted Error Value: White=0.09 (flawless) /Black=0.11 (very precise) .  Mistake:       	White=2     	Black=3      Inaccurate:     	White=2     	Black=1      OK:         	White=15    	Black=19     Best:        	White=4     	Black=1      Strong:       	White=1     	Black=1} 1/2-1/2

[Event "1st Festival Galdar 2024"]
[Site "Galdar"]
[Date "2024.09.03"]
[Round "3.2"]
[White "Sumets, Andrey"]
[Black "Ladron De Guevara Pinto, Paolo"]
[Result "1/2-1/2"]
[Annotator "TA"]
[ECO "D37"]
[WhiteElo "2517"]
[BlackElo "2371"]
[PlyCount "68"]
[EventDate "2024.09.02"]
[EventType "swiss"]
[EventCountry "ESP"]
[SourceTitle "playchess.com"]
[Source "ChessBase"]
[SourceQuality "1"]
[TimeControl "5400+30"]

1. d4 d5 2. c4 e6 3. Nf3 Nf6 4. Nc3 Be7 5. Bf4 O-O 6. e3 b6 7. Bd3 dxc4 8. Bxc4 Ba6 9. Qe2 Bxc4 {[%emt 0:05:43] White has an edge.} 10. Qxc4 c5 11. dxc5 Bxc5 12. O-O Qc8 13. Rfd1 Be7 14. Qxc8 Rxc8 15. Rac1 {[%emt 0:06:30][%cal Oc3d5] [#] Nd5! would now be deadly.} Nc6 16. Kf1 Kf8 17. Nb5 Ne8 {[%emt 0:01:03] Prevents Nc7.} 18. e4 f6 19. e5 fxe5 20. Nxe5 Nxe5 21. Bxe5 Bf6 22. Bxf6 (22. Rxc8 Rxc8 23. Nxa7 Ra8 $15) 22... gxf6 23. Rxc8 Rxc8 {[%emt 0:00:34] The position is equal.} 24. Nxa7 $14 {[%emt 0:00:58][%mdl 4096] Endgame. KRN-KRN} Rc2 25. b4 Rxa2 26. Rd7 f5 27. Nc6 Nf6 28. Rb7 Ng4 29. h3 Nxf2 30. Nd4 e5 31. Nxf5 Nd3 {[%emt 0:00:35] [#] ...Rf2+ is the strong threat.} 32. g4 (32. Rxb6 $2 {too greedy.} Rf2+ 33. Kg1 Rxf5 $19) 32... Nxb4 33. Rxh7 Nd3 34. Rb7 Ra1+ {[%emt 0:00:37] Weighted Error Value: White=0.03 (flawless) /Black=0.03 (flawless) .  Inaccurate:     	White=1     	---        OK:         	White=9     	Black=12     Best:        	---       	Black=2} 1/2-1/2

[Event "1st Festival Galdar 2024"]
[Site "Galdar"]
[Date "2024.09.03"]
[Round "3.3"]
[White "Beerdsen, Thomas"]
[Black "Perez Garcia, Rodney Oscar"]
[Result "1-0"]
[Annotator "TA"]
[ECO "C10"]
[WhiteElo "2509"]
[BlackElo "2313"]
[PlyCount "39"]
[EventDate "2024.09.02"]
[EventType "swiss"]
[EventCountry "ESP"]
[SourceTitle "playchess.com"]
[Source "ChessBase"]
[SourceQuality "1"]
[TimeControl "5400+30"]

1. e4 e6 2. d4 d5 3. Nc3 dxe4 4. Nxe4 Nd7 5. Nf3 Be7 6. Bd3 Ngf6 7. Qe2 c5 8. Nxc5 Bxc5 9. dxc5 Nxc5 10. Bc4 O-O {[%emt 0:06:21] White has an edge.} 11. O-O b6 12. Rd1 Qc7 13. Rd4 Bb7 14. Bf4 Qc8 {[%emt 0:03:37] Black is weak on the dark squares} 15. Be5 {[%emt 0:13:27] Strongly threatening Bxf6. A strong pair of Bishops.} Ncd7 16. Bd6 Re8 17. Rad1 a6 18. Ne5 b5 {[%emt 0:04:26] [#] ...Nxe5 is the strong threat.} 19. Bd3 {[%emt 0:04:02] White is much more active.} Nc5 $2 (19... Nxe5 $16 20. Bxe5 (20. Qxe5 Qc6 $14) 20... Qc6) 20. Rf4 {[%emt 0:09:51] Weighted Error Value: White=0.04 (flawless) /Black=0.32.  Loses game:     	---       	Black=1      Inaccurate:     	---       	Black=1      OK:         	White=5     	Black=4      Best:        	White=1     	---} 1-0

[Event "1st Festival Galdar 2024"]
[Site "Galdar"]
[Date "2024.09.03"]
[Round "3.4"]
[White "Barlov, Dragan"]
[Black "Zwirs, Nico"]
[Result "1-0"]
[Annotator "RC"]
[ECO "D50"]
[WhiteElo "2375"]
[BlackElo "2485"]
[PlyCount "129"]
[EventDate "2024.09.02"]
[EventType "swiss"]
[EventCountry "ESP"]
[SourceTitle "playchess.com"]
[Source "ChessBase"]
[SourceQuality "1"]
[TimeControl "5400+30"]

1. c4 e6 2. Nc3 d5 3. d4 Nf6 4. Bg5 dxc4 5. e3 c5 6. dxc5 Qxd1+ 7. Rxd1 Bxc5 8. Bxc4 a6 9. Nf3 b5 10. Bd3 Nbd7 11. Rc1 Be7 12. O-O Bb7 13. Rfd1 h6 14. Bh4 Rc8 15. Be2 Nb6 16. Ne5 O-O 17. Bf3 Bxf3 18. gxf3 Rc5 19. Nd3 Rc4 20. Bg3 Rd8 21. Ne5 Rxd1+ 22. Rxd1 Rc8 23. Kf1 b4 24. Ne2 Nh5 25. Nd4 Bf6 26. Ndc6 Nd5 27. f4 Bxe5 28. Nxe5 Rc2 29. Nd3 Nhf6 30. Ke1 Ne4 31. Rc1 Rd2 32. Rd1 Rc2 33. Rc1 Rxc1+ 34. Nxc1 Nc5 35. Ke2 a5 36. Nd3 Ne4 37. f3 Nxg3+ 38. hxg3 Kf8 39. e4 Nb6 40. Ne5 Ke7 41. Nc6+ Kd6 42. Nxa5 Na4 43. Nc4+ Kc5 44. Kd3 f6 45. b3 Nc3 46. a4 g5 47. fxg5 hxg5 48. Nb2 Na2 49. Ke3 e5 50. Nd3+ Kb6 51. Kd2 g4 52. fxg4 Nc3 53. Ke3 Na2 54. g5 fxg5 55. Nxe5 Nc1 56. Nc4+ Kc6 57. Nd2 Kc5 58. g4 Na2 59. Nf3 Nc1 60. Nd4 Kd6 61. a5 Na2 62. a6 Kc7 63. Nb5+ Kb6 64. a7 Kb7 65. Kd2 1-0

[Event "1st Festival Galdar 2024"]
[Site "Galdar"]
[Date "2024.09.03"]
[Round "3.5"]
[White "Fernandez Garcia, Jose Miguel"]
[Black "Cuenca Jimenez, Jose Fernando"]
[Result "0-1"]
[Annotator "TA"]
[ECO "B07"]
[WhiteElo "2368"]
[BlackElo "2466"]
[PlyCount "80"]
[EventDate "2024.09.02"]
[EventType "swiss"]
[EventCountry "ESP"]
[SourceTitle "playchess.com"]
[Source "ChessBase"]
[SourceQuality "1"]
[TimeControl "5400+30"]

1. e4 e5 2. Nc3 Nf6 3. d4 d6 4. h3 Be7 5. Nge2 c6 6. Ng3 exd4 7. Qxd4 O-O 8. Bf4 {[%emt 0:02:20] The position is equal.} d5 9. exd5 cxd5 10. Bxb8 Rxb8 11. Bd3 Qc7 12. O-O Qc5 13. Qf4 Bd6 14. Qh4 Be5 15. Rae1 Qd4 16. Qxd4 Bxd4 17. Nb5 Bxb2 18. Rb1 $1 a6 $1 ({Not} 18... Be5 $2 19. f4 $18 (19. Nxa7 Bd7 $15)) 19. Rxb2 axb5 20. Rxb5 Ra8 21. Ra1 Ra7 22. Ne2 Bd7 23. Rb6 Ne4 24. Nf4 Nc3 25. Ne2 Ne4 26. Nf4 Bc6 27. c4 dxc4 28. Bxc4 Ra5 29. Re1 {[%emt 0:03:17][%cal Ob6c6] Rxc6! would now be deadly.} Nc3 {[%emt 0:02:03][%cal Oa5a4] And now ...Ra4! would win.} 30. Rb2 $2 {[%emt 0:00:44][%mdl 8192] [#]} (30. Nd3 $11 {and White has nothing to worry.}) 30... Ra4 $1 $19 31. Rc2 (31. Ne6 $142 fxe6 32. Bxe6+ Kh8 33. Bb3) 31... Rxc4 {[%emt 0:00:08] Black is clearly winning.} 32. Nd3 Ba4 33. Rb2 b5 34. Kh2 Nd5 35. Re5 Nf4 36. Nb4 Rd8 37. a3 h6 38. Re3 Ne6 39. Rbe2 Rd6 40. Rb2 Rcd4 {[%emt 0:00:00] Weighted Error Value: White=0.31/Black=0.13 (very precise) .  Loses game:     	White=1     	---        Mistake:       	White=1     	---        Inaccurate:     	White=1     	Black=2      OK:         	White=10    	Black=12     Best:        	---       	Black=1      Strong:       	White=1     	Black=2} 0-1

[Event "1st Festival Galdar 2024"]
[Site "Galdar"]
[Date "2024.09.03"]
[Round "3.6"]
[White "Domalchuk-Jonasson, Aleksandr"]
[Black "Lopez Martinez, Josep Manuel"]
[Result "0-1"]
[Annotator "TA"]
[ECO "D37"]
[WhiteElo "2366"]
[BlackElo "2448"]
[PlyCount "70"]
[EventDate "2024.09.02"]
[EventType "swiss"]
[EventCountry "ESP"]
[SourceTitle "playchess.com"]
[Source "ChessBase"]
[SourceQuality "1"]
[TimeControl "5400+30"]

1. c4 e6 2. Nc3 d5 3. d4 h6 4. Nf3 Nf6 5. e3 a6 6. a3 c5 7. dxc5 Bxc5 8. b4 {[%emt 0:00:17] The position is equal.} Bd6 9. Ra2 a5 10. b5 O-O 11. Rd2 Qe7 12. cxd5 exd5 13. Nxd5 Nxd5 14. Rxd5 Bxa3 15. Bxa3 Qxa3 16. Ne5 (16. Rd2 $11 {remains equal.}) 16... Be6 $17 17. Rd4 Qc5 18. Nd3 Qxb5 {[%emt 0:01:47] Threatens to win with ...a4. Black is more active.} 19. Nf4 Qb6 {[%emt 0:01:59] Strongly threatening ...Nc6.} 20. Nxe6 Qxe6 21. Bb5 (21. Bc4 $142 Qb6 22. Qa1) 21... Qb6 $36 {[%emt 0:01:05][%mdl 2048] Black is on the roll.} 22. Qh5 (22. Be2 $17 {might work better.}) 22... Nc6 $19 23. Rf4 {[%emt 0:10:46] [#]} (23. Rd1 {was worth a try.}) 23... a4 $1 24. O-O (24. Bxa4 g5) 24... Ra5 25. Rf5 (25. Rxa4 $142 Qxb5 (25... Rxb5 $2 26. Qh4 $19) 26. Qxb5 Rxb5 27. Rc1) 25... g6 26. Qxh6 Rxb5 ({Not} 26... gxf5 27. Qg5+ Kh7 28. Qxf5+ Kh8 29. Qh5+ Kg7 30. Qg5+ Kh7 31. Qf5+ Kg8 32. Qg5+ (32. Qg4+ Kh7 $11) 32... Kh7 33. Qf5+ $11) 27. Rf6 Qc7 28. f4 Qe7 29. Rxg6+ fxg6 30. Qxg6+ Qg7 31. Qe6+ Qf7 32. Qg4+ Kh8 33. Rf3 Rb1+ 34. Kf2 {[%emt 0:00:08] [#]} Qa2+ $1 ({Weaker is} 34... Qh7 35. Rh3 $17) 35. Kg3 Rg8 {[%emt 0:00:12] Weighted Error Value: White=0.88/Black=0.18 (very precise) .  Mistake:       	White=5     	---        Inaccurate:     	White=1     	---        OK:         	White=9     	Black=9      Best:        	---       	Black=3      Brilliant:      	---       	Black=1} 0-1

[Event "1st Festival Galdar 2024"]
[Site "Galdar"]
[Date "2024.09.03"]
[Round "3.7"]
[White "Movsziszian, Karen"]
[Black "Fiorito, Fabian"]
[Result "1-0"]
[Annotator "TA"]
[ECO "A07"]
[WhiteElo "2444"]
[BlackElo "2285"]
[PlyCount "83"]
[EventDate "2024.09.02"]
[EventType "swiss"]
[EventCountry "ESP"]
[SourceTitle "playchess.com"]
[Source "ChessBase"]
[SourceQuality "1"]
[TimeControl "5400+30"]

1. g3 Nf6 2. Bg2 d5 3. Nf3 c6 4. b3 Bf5 5. Bb2 e6 6. d3 h6 7. O-O Be7 8. Nbd2 O-O 9. e3 Bh7 10. Qe2 a5 11. a4 Na6 12. Ne5 Nb4 13. Ndf3 Re8 14. h4 {[%emt 0:12:26] The position is equal.} Nd7 15. Nxd7 Qxd7 16. Bh3 Qc7 17. Rfd1 Bf8 18. c3 Na6 19. d4 {[%emt 0:00:01] Repels Nc5} Reb8 20. Ba3 Bxa3 21. Rxa3 b5 22. axb5 cxb5 23. Rda1 Qxc3 24. Rxa5 Nc7 25. Rxa8 Nxa8 26. Ra7 {[%emt 0:00:42][%cal Oe2b5] [#] Threatens to win with Qxb5!} Bd3 27. Qa2 Qc1+ ({Black should try} 27... Nb6 $1 $14) 28. Kh2 $16 Nb6 {[%emt 0:01:10][%mdl 8192] [#] This costs Black the game.} (28... Nc7 $16 {was called for.}) 29. Rxf7 $3 $18 Ra8 {[%emt 0:03:10] Repels Qa7} 30. Ra7 Rf8 31. Bxe6+ Kh7 32. Rf7 Rxf7 33. Bxf7 Be4 34. Qe2 {[%emt 0:01:31][%cal Of3g5] Ng5+! is the strong threat.} g6 35. Be6 (35. Qxb5 Bxf3 36. g4 Qh1+ 37. Kg3 g5 38. hxg5 hxg5 39. Qd3+ Be4) 35... Qb1 36. Qe1 (36. Qxb5 Bxf3 37. g4 Qh1+ 38. Kg3 Be4) 36... Qxb3 (36... Qxe1 37. Nxe1 h5) 37. Qa5 Qc2 38. Qa7+ (38. Qxb6 Qxf2+ 39. Kh3 Qf1+ 40. Kh2 Qe2+ 41. Kg1 (41. Kh3 Qf1+ 42. Kh2 Qf2+ 43. Kh3 Qf1+ $11) 41... Qxe3+ (41... Qxf3 42. Qc7+ Kh8 43. Qd8+ Kg7 44. Qg8+ Kf6 45. Qf7#) 42. Kh2 Qf2+ (42... Bxf3 43. Qb7+ Kh8 44. Qc8+ Kg7 45. Qg8+ Kf6 46. Qf7#) 43. Kh3 Qf1+ (43... Qxf3 44. Qa7+ Kh8 45. Qa8+ Kg7 46. Qg8+ Kf6 47. Qf7#) 44. Kh2 Qf2+ (44... Qxf3 45. Qc7+ Kh8 46. Qc8+ Kg7 47. Qg8+ Kf6 48. Qf7#) 45. Kh3 Qf1+ (45... Qxf3 46. Qc7+ Kh8 47. Qd8+ Kg7 48. Qg8+ Kf6 49. Qf7#) 46. Kh2 Qe2+ (46... Qxf3 47. Qb7+ Kh8 48. Qc8+ Kg7 49. Qg8+ Kf6 50. Qf7#) 47. Kh3 Qf1+ $11 (47... Qxf3 48. Qc7+ Kh8 49. Qd8+ Kg7 50. Qg8+ Kf6 51. Qf7#)) 38... Kh8 39. Qb8+ ({And not} 39. Qxb6 Qxf2+ 40. Kh3 Qf1+ 41. Kh2 Qf2+ 42. Kh3 Qf1+ 43. Kh2 Qe2+ 44. Kg1 Qxe3+ (44... Qxf3 45. Qd8+ Kg7 46. Qg8+ Kf6 47. Qf7#) 45. Kh2 Qf2+ (45... Bxf3 46. Qb8+ Kg7 47. Qg8+ Kf6 48. Qf7#) 46. Kh3 Qf1+ (46... Qxf3 47. Qd8+ Kg7 48. Qg8+ Kf6 49. Qf7#) 47. Kh2 Qf2+ (47... Qxf3 48. Qd8+ Kg7 49. Qg8+ Kf6 50. Qf7#) 48. Kh3 Qf1+ (48... Qxf3 49. Qd8+ Kg7 50. Qg8+ Kf6 51. Qf7#) 49. Kh2 Qf2+ $11 (49... Qxf3 50. Qb8+ Kg7 51. Qg8+ Kf6 52. Qf7#)) 39... Nc8 40. Nd2 {[%emt 0:03:00][%cal Ob8f4] White wants to mate with Qf4!} ({Stronger than} 40. Qxc8+ Qxc8 41. Bxc8 Bxf3 $11) 40... Bf5 41. Bxd5 Kg7 42. Qb7+ {[%emt 0:01:07] Weighted Error Value: White=0.17 (very precise) /Black=0.40.  Loses game:     	---       	Black=1      Mistake:       	---       	Black=2      Inaccurate:     	White=2     	Black=3      OK:         	White=8     	Black=9      Best:        	White=4     	Black=1      Brilliant:      	White=1     	---} 1-0

[Event "1st Festival Galdar 2024"]
[Site "Galdar"]
[Date "2024.09.03"]
[Round "3.8"]
[White "Garcia Blanco, Omar"]
[Black "Rakotomaharo, Fy Antenaina"]
[Result "1-0"]
[Annotator "RC"]
[ECO "C54"]
[WhiteElo "2365"]
[BlackElo "2440"]
[PlyCount "109"]
[EventDate "2024.09.02"]
[EventType "swiss"]
[EventCountry "ESP"]
[SourceTitle "playchess.com"]
[Source "ChessBase"]
[SourceQuality "1"]
[TimeControl "5400+30"]

1. e4 e5 2. Nf3 Nc6 3. Bc4 Nf6 4. d3 Bc5 5. O-O d6 6. a4 O-O 7. c3 Bb6 8. Nbd2 h6 9. h3 a5 10. Re1 Be6 11. Bxe6 fxe6 12. Nc4 Ba7 13. Be3 Bxe3 14. Nxe3 Qd7 15. Nf1 Rf7 16. Ng3 Raf8 17. d4 exd4 18. cxd4 d5 19. e5 Ne4 20. Nxe4 dxe4 21. Rxe4 Qd5 22. Qd3 Nb4 23. Qe2 Qc6 24. Rg4 Nd5 25. Qb5 Qc2 26. Qxa5 Qxb2 27. Re1 Nc3 28. Qc5 h5 29. Rg5 Rxf3 30. gxf3 Qd2 31. Qe7 Rf7 32. Qe8+ Kh7 33. Rxh5+ Kg6 34. Qxe6+ Kxh5 35. Qxf7+ Kh6 36. Kf1 Qd3+ 37. Kg2 Qd2 38. Rg1 Ne2 39. Kh1 Nxg1 40. Kxg1 Qg5+ 41. Kf1 Qc1+ 42. Ke2 Qc2+ 43. Ke3 Qc1+ 44. Ke4 Qb1+ 45. Kf4 Qc1+ 46. Kf5 Qb1+ 47. Ke6 Qb6+ 48. Ke7 Qxd4 49. e6 Kh7 50. Ke8 Qxa4+ 51. Kf8 Qa8+ 52. Qe8 Qa5 53. e7 b6 54. f4 Qd5 55. Qf7 1-0

[Event "1st Festival Galdar 2024"]
[Site "Galdar"]
[Date "2024.09.03"]
[Round "3.9"]
[White "Ragnarsson, Dagur"]
[Black "Koelle, Tobias"]
[Result "1/2-1/2"]
[Annotator "TA"]
[ECO "D27"]
[WhiteElo "2332"]
[BlackElo "2433"]
[PlyCount "59"]
[EventDate "2024.09.02"]
[EventType "swiss"]
[EventCountry "ESP"]
[SourceTitle "playchess.com"]
[Source "ChessBase"]
[SourceQuality "1"]
[TimeControl "5400+30"]

1. d4 Nf6 2. c4 e6 3. Nf3 d5 4. Nc3 dxc4 5. e3 a6 6. Bxc4 b5 7. Bb3 Bb7 8. O-O c5 9. a3 Nbd7 10. Re1 Qc7 11. e4 cxd4 12. Nd5 exd5 $17 13. exd5+ {[%emt 0:00:12] [#]} (13. e5 $2 Ne4 14. Nxd4 Qxe5 $19 (14... Nxe5 $2 15. Bf4 $19)) 13... Be7 $2 (13... Kd8 $1 $17 14. Bg5 Bd6) 14. Nxd4 $16 {[%emt 0:08:11][%cal Oe1e7] Threatens to win with Rxe7+!} Nb6 $2 (14... O-O $1 $14 15. Rxe7 Bxd5) 15. Nf5 $1 $18 Nfxd5 {[%emt 0:07:47] White must now prevent ...0-0.} 16. Nxg7+ $2 (16. Rxe7+ $18 Nxe7 17. Nxg7+ Kf8 18. Bh6) 16... Kd8 $14 17. Qh5 $2 {[%emt 0:26:40] White is more active.} (17. Nf5 $16 {keeps the pressure on.} Bc5 18. Bg5+ Kc8 19. Bxd5 (19. Nh6 $2 Kb8 $19) 19... Nxd5 20. b4 Bxf2+ 21. Kxf2) 17... Kc8 $17 18. Bh6 (18. Qxf7 Bf6 19. Qe6+ (19. Re8+ Rxe8 20. Qxe8+ Qd8 $19) 19... Qd7) 18... Kb8 19. Rad1 Rd8 {[%emt 0:13:42] aiming for ...Bc5.} 20. Qxf7 Bf6 (20... Rd7 $17 {...Bf6 would now be deadly.} 21. Ne6 Qc6 22. Bxd5 (22. Qxh7 $2 Ne3 $19) 22... Rxd5) 21. Rxd5 $1 $11 Nxd5 (21... Qxf7 $2 22. Rxd8+ Bxd8 23. Bxf7 $18) (21... Bxd5 $2 22. Qxf6 Rd6 (22... Bxb3 $2 23. Bf4 $18) 23. Qf8+ Kb7 24. Bxd5+ (24. Ne8 Rxe8 25. Bxd5+ Nxd5 $18) 24... Nxd5 25. Ne8 Rxe8 26. Rxe8 $18) 22. Bxd5 {[%emt 0:00:05] [#] White threatens Bf4 and mate.} Qxf7 (22... Bxg7 23. Bf4 Ka7 24. Qxc7 (24. Bxc7 Rxd5 25. Qxg7 b4 $18) 24... Rxd5 25. Be3+ (25. Qxg7 Re8 $18) 25... Bd4 26. Bxd4+ (26. Qxh7 Bxe3 27. fxe3 Rg5 $18) 26... Rxd4 27. Qc5+ (27. Qxh7 Re8 $18) 27... Kb8 28. Re8+ (28. Qxd4 Be4 29. Rxe4 Kc7 30. Re7+ Kc6 31. b4 h6 32. Qc5#) (28. Qxd4 Be4 29. Rxe4 Kc7 30. Re7+ Kc6 31. b4 h6 32. Qc5#)) 23. Bxf7 Bxb2 {[%emt 0:05:36][%cal Od8d3] Strongly threatening ...Rd3!} 24. Bf4+ ({White should play} 24. Ne6 $1 $11 Rd7 25. Bh5) 24... Ka7 $15 25. Ne6 {[%emt 0:00:31] Hoping for Be3+.} Rd7 (25... Rd3 $5 26. Be3+ Rxe3 (26... Kb8 27. Nc5 $11) 27. Rxe3 Rc8 $17) 26. Be3+ {[%emt 0:00:10] The position is equal.} Kb8 27. Bf4+ Ka7 $1 ({Wrong is} 27... Kc8 $2 28. Nc5 $18) 28. Be3+ Kb8 29. Bf4+ Ka7 $1 ({Avoid the trap} 29... Kc8 $2 30. Nc5 $18) 30. Be3+ {[%emt 0:00:08] Weighted Error Value: White=0.33/Black=0.23 (precise) .  Loses game:     	---       	Black=1      Missed win:     	White=1     	---        Mistake:       	White=3     	Black=2      Inaccurate:     	---       	Black=1      OK:         	White=3     	Black=7      Best:        	White=6     	Black=6      Strong:       	White=1     	Black=2} 1/2-1/2

[Event "1st Festival Galdar 2024"]
[Site "Galdar"]
[Date "2024.09.03"]
[Round "3.11"]
[White "Fiorito, Francisco"]
[Black "Sieber, Fiona"]
[Result "1/2-1/2"]
[Annotator "TA"]
[ECO "D02"]
[WhiteElo "2416"]
[BlackElo "2270"]
[PlyCount "71"]
[EventDate "2024.09.02"]
[EventType "swiss"]
[EventCountry "ESP"]
[SourceTitle "playchess.com"]
[Source "ChessBase"]
[SourceQuality "1"]
[TimeControl "5400+30"]

1. d4 Nf6 2. Nf3 e6 3. Bf4 c5 4. e3 d5 5. c3 Nc6 6. Nbd2 Bd6 7. Bg3 cxd4 8. exd4 Nh5 9. Bxd6 Qxd6 10. Bb5 O-O 11. O-O a6 12. Bxc6 bxc6 13. Ne5 g6 14. Qa4 c5 {[%emt 0:03:29] [#]} 15. Qa3 $1 {[%emt 0:00:44] White has more active pieces. The black rooks are passive.} Qb8 16. Rfe1 cxd4 17. cxd4 f6 18. Nd3 Ng7 19. Nf3 Nf5 20. Nc5 Re8 21. Qa4 Kf7 22. Re2 Ra7 23. Rae1 g5 24. Qc2 {[%emt 0:02:09][%cal Oc5e6] [#] Black must now prevent Nxe6!} Qf4 25. Nd3 {[%emt 0:02:26] A dynamic duo of knights.} (25. Qd3 $14) 25... Qc7 $11 26. h3 h5 ({Better is} 26... Qxc2 $15 27. Rxc2 Ne7) 27. g4 (27. Nc5 $5) 27... Qxc2 28. Rxc2 hxg4 29. hxg4 Nd6 30. Rec1 Bd7 31. Nc5 Ke7 32. Kg2 {[%emt 0:00:25] The position is equal.} Rh8 33. b3 Ne4 34. Nxe4 dxe4 35. Nd2 Rh4 36. f3 {[%emt 0:07:00] Weighted Error Value: White=0.14 (very precise) /Black=0.10 (very precise) .  Mistake:       	White=1     	Black=1      Inaccurate:     	White=3     	Black=4      OK:         	White=9     	Black=13     Strong:       	White=1     	---} 1/2-1/2

[Event "1st Festival Galdar 2024"]
[Site "Galdar"]
[Date "2024.09.03"]
[Round "3.12"]
[White "Fiorito, Joaquin"]
[Black "Brito Garcia, Alfredo"]
[Result "1-0"]
[Annotator "TA"]
[ECO "C02"]
[WhiteElo "2402"]
[BlackElo "2240"]
[PlyCount "47"]
[EventDate "2024.09.02"]
[EventType "swiss"]
[EventCountry "ESP"]
[SourceTitle "playchess.com"]
[Source "ChessBase"]
[SourceQuality "1"]
[TimeControl "5400+30"]

1. e4 e6 2. d4 d5 3. e5 c5 4. c3 Nc6 5. Nf3 Bd7 6. Be2 Nge7 7. O-O a5 (7... cxd4 $11 8. cxd4 Nf5) 8. dxc5 Qc7 9. Na3 {[%emt 0:06:24] Nb5 would now be deadly.} Nxe5 {[%emt 0:02:03] White has an edge.} 10. Nxe5 Qxe5 11. Nb5 Nf5 {[%emt 0:10:36] Wards off Nd6+} (11... Ng6 $1 $14) 12. Re1 $16 Be7 (12... Qb8 $142) 13. Bd3 Qb8 14. a4 $36 {[%emt 0:00:11][%mdl 2048] Keeping Black busy.} g6 (14... Bxb5 15. axb5 (15. Bxb5+ Kf8 $16) 15... Nh4) 15. Bxf5 $1 $18 gxf5 {[%emt 0:00:52] [#]} 16. Qd4 $1 f6 {[%emt 0:13:24] [#] Black is weak on the dark squares} 17. Bf4 $1 Qc8 18. Nc7+ Kf7 19. Nxa8 Bxc5 (19... Qxa8 {was necessary.} 20. b4 Rg8) 20. Qd1 (20. Nb6 Qc6 21. Qd1 Qxb6 $18) 20... Qxa8 21. Qh5+ Kg8 22. Rad1 {[%emt 0:00:34] And now Rd3 would win.} Be8 (22... Qe8 $142 23. Qxe8+ Bxe8 24. Rxd5 (24. Rxe6 Bxa4 25. Rxd5 Kf7 $18) 24... Be7 25. Rxe6 Kf7) 23. Qh6 Kf7 24. Rd3 {[%emt 0:00:44] White took control after the opening.   Weighted Error Value: White=0.20 (precise) /Black=0.54.  Mistake:       	---       	Black=5      Inaccurate:     	---       	Black=1      OK:         	White=5     	Black=3      Best:        	White=3     	Black=3      Strong:       	White=3     	---} (24. Rxe6 $142 Kg8 25. Qxf6 (25. Rxf6 Bf7 $18) 25... Bh5 26. Bh6 (26. Rxd5 h6 27. Bxh6 Rxh6 28. Qxh6 Qf8 29. Qxh5 Qg7 30. Rxc5 Qd7 31. Qg5+ Kf8 32. Rxf5+ Qf7 33. Re7 b6 34. Rfxf7#) (26. Be5 Qf8 27. Qxh8+ Kf7 28. Rf6+ Ke8 29. Rxf8+ Bxf8 30. Bd6 Kd7 31. Qxf8 Kc6 32. Qd8 d4 33. c4 Bxd1 34. Qc7#) 26... Bf8 27. Qg5+ (27. Rxd5 Bxh6 28. Qxh6 Bg6 29. Re7 Bf7 30. Qf6 Qf8) 27... Bg6 28. Rxg6+ (28. Rxd5 Bxh6 29. Rxg6+ hxg6 30. Qxg6+ Bg7 31. Qe6+ Kh7 32. Qxf5+ Kg8 33. Qe6+ Kf8 34. Rf5+ Bf6 35. Rxf6+ Kg7 36. Qf7#) 28... Kf7 29. Qxf5+ Ke8 30. Rxd5 Bd6 31. Rgxd6 (31. Qe6+ Kd8 32. Qxd6+ Ke8 33. Qe6#) 31... Qd8 32. Rxd8+ Ke7 33. Bg5#) 1-0